 Dungeon Crawl Stone Soup version 0.29-a0-214-g17f627cfee (webtiles) character file.

Game seed: 9976769442008469144

50 pascalblue the Firebug (level 3, 0/28 HPs)
             Began as a Deep Elf Fire Elementalist on Feb 24, 2022.
             Succumbed to an adder's poison
             ... on level 2 of the Dungeon.
             The game lasted 00:04:58 (1712 turns).

pascalblue the Firebug (Deep Elf Fire Elementalist) Turns: 1712, Time: 00:04:59

Health: 0/28       AC:  2    Str:  5    XL:     3   Next: 55%
Magic:  8/10       EV: 13    Int: 21    God:
Gold:   20         SH:  0    Dex: 15    Spells: 3/9 levels left

rFire   . . .      SeeInvis .   j - +1 falchion (vorpal)
rCold   . . .      Faith    .   (no shield)
rNeg    . . .      Spirit   .   a - +0 robe
rPois   .          Reflect  .   (no helmet)
rElec   .          Harm     .   (no cloak)
rCorr   .          Rampage  .   (no gloves)
Will    .....                   (no boots)
Stlth   ..........              (no amulet)
HPRegen 0.09/turn               (no ring)
MPRegen 0.12/turn               (no ring)

@: berserking, lethally poisoned (0 -> -5), very quick
A: no striking features
a: no special abilities


You were on level 2 of the Dungeon.
You visited 1 branch of the dungeon, and saw 2 of its levels.

You collected 20 gold pieces.

Inventory:

Hand Weapons
 b - a +0 short sword
 j - a +1 vorpal falchion (weapon)
Armour
 a - a +0 robe (worn)
Scrolls
 e - 2 scrolls of enchant armour {unknown}
 f - a scroll of magic mapping {unknown}
 h - 3 scrolls of identify {unknown}
Potions
 c - a potion of berserk rage
 d - a potion of resistance {unknown}
 g - a potion of lignification {unknown}
 i - a potion of ambrosia {unknown}
 k - a potion of invisibility {unknown}


   Skills:
 + Level 0.1 Fighting
 + Level 0.1 Short Blades
 + Level 2.7 Dodging
 + Level 2.8 Stealth
 + Level 3.9 Spellcasting
 + Level 1.5 Conjurations
 + Level 4.0 Fire Magic


You had 3 spell levels left.
You knew the following spells:

 Your Spells              Type           Power      Damage    Failure   Level
a - Foxfire               Conj/Fire      60%        2x1d7     3%          1
b - Scorch                Fire           42%        2d7       3%          2
c - Conjure Flame         Conj/Fire      15%        6-21      12%         3

Your spell library contained the following spells:

 Spells                   Type           Power      Damage    Failure   Level
 Inner Flame              Hex/Fire       12%        N/A       16%         3
 Flame Wave               Conj/Fire      15%        2d6       36%         4


Dungeon Overview and Level Annotations

Branches:
Dungeon (2/15)

Altars:


Message History

An adder comes into view.
The adder hisses angrily.
Casting: Foxfire (safe; 4% risk of failure)
Confirm with . or Enter, or press ? or * to list all spells.
You conjure some foxfire!
The foxfire hits the adder.
The adder is moderately wounded.
The foxfire hits the adder.
The adder is heavily wounded.
The adder bites you. x2
Casting: Foxfire (safe; 4% risk of failure)
Confirm with . or Enter, or press ? or * to list all spells.
You conjure some foxfire!
The adder closely misses you.
The foxfire hits the adder.
The adder is heavily wounded.
The foxfire hits the adder.
The adder is severely wounded.
Casting: Foxfire (safe; 4% risk of failure)
Confirm with . or Enter, or press ? or * to list all spells.
You conjure some foxfire!
The adder bites you.
You are lethally poisoned!
The adder poisons you! The adder bites you.
* * * LOW HITPOINT WARNING * * *
* * * LOW HITPOINT WARNING * * *
You feel sick.
The foxfire hits the adder but does no damage.
The adder is severely wounded.
The foxfire hits the adder.
You kill the adder!
Your Fire Magic skill increases to level 4!
It was a potion of berserk rage.
A red film seems to cover your vision as you go berserk!
You feel yourself moving faster!
You feel mighty!
* * * LOW HITPOINT WARNING * * *
You feel sick.
Unknown command.
You are too berserk!
You are too berserk!
You feel a strong urge to attack something.
You die...

#........# ########## #........#
#......... #........# #.........
##.......###.........
#........##......... .#.#.
#........##......... ....
#.###...............#####... #.#
#....##.#######...#..... #.#
#.....#@# ......... #.#####'#.#.#
#......... #.#.........##
#.........
######.#...#.>....#######........
.......#.#.#...##.......#........
#####..# #.#.#.########.#........
.......# #.#.#........#.#........
###.#..# #.#.####.....#.####.....
....#..# #.#.# .......#.........#


There were no monsters in sight!

Vanquished Creatures
  An adder (D:2)
  3 dart slugs (D:1)
  2 ball pythons (D:1)
  6 bats
  An endoplasm (D:1)
  A giant cockroach (D:2)
  4 goblins (D:1)
  2 hobgoblins
  5 kobolds (D:1)
  2 quokkas (D:1)
  3 frilled lizards (D:1)
  3 rats
33 creatures vanquished.

Vanquished Creatures (others)
  55 foxfires
55 creatures vanquished.

Grand Total: 88 creatures vanquished

Notes
Turn   | Place    | Note
-------+----------+-------------------------------------------
     0 | D:1      | pascalblue the Deep Elf Fire Elementalist began the quest
                  | for the Orb.
     0 | D:1      | Reached XP level 1. HP: 10/10 MP: 6/6
   138 | D:1      | Reached XP level 2. HP: 6/15 MP: 6/8
   645 | D:1      | Found a faded altar of an unknown god.
   956 | D:1      | Reached XP level 3. HP: 17/19 MP: 10/10
   963 | D:1      | Learned a level 2 spell: Scorch
   967 | D:1      | Learned a level 3 spell: Conjure Flame
  1711 | D:2      | Reached skill level 4 in Fire Magic
  1711 | D:2      | HP: 1/28 [poisoned by an adder]
  1712 | D:2      | Succumbed to an adder's poison

Illustrated notes

Levels and vault maps discovered:
D:1:      amcnicky_arrival_single_pillar, layout_loops_ring,
          dreamdust_ecumenical_altar_statues
D:2:      layout_basic, serial_co_window_serial, co_window_of_opportunity_a,
          co_window_paths_b, co_window_paths_a, co_window_paths_b,
          co_window_paths_b, co_window_of_opportunity_a, co_window_paths_a,
          co_window_paths_a, co_window_corner_a, co_window_paths_c,
          co_window_paths_c, co_window_corner_ca, glass_columns_a,
          glass_columns_c, hangedman_decor_peaks_small

Skill      XL: |  1  2  3 |
---------------+----------+-----
Fire Magic     | 4 |  4.0
Fighting       | |  0.1
Short Blades   | |  0.1
Dodging        | |  2.7
Stealth        | |  2.8
Spellcasting   | |  3.9
Conjurations   | |  1.5

Action                   || total
-------------------------++-------
Melee: Short sword       ||    39
       Punch             ||     2
       Falchion          ||     1
 Cast: Foxfire           ||    37
  Use: Potion            ||     1
Armor: Robe              ||    19
Dodge: Dodged            ||    44

Table legend: (Time is in decaauts)
 A = Elapsed time spent in this place.
 B = Non-inter-level travel time spent in this place.
 C = Inter-level travel time spent in this place.
 D = Time resting spent in this place.
 E = Time spent auto-exploring this place.
 F = Levels seen in this place.
 G = Mean time per level.
                   A        B        C        D        E       F      G
               +--------+--------+--------+--------+--------+-----+--------+
         Total |   1715 |   1701 |     14 |      0 |   1335 |   2 |  857.5 |
       Dungeon |   1715 |   1701 |     14 |      0 |   1335 |   2 |  857.5 |
               +--------+--------+--------+--------+--------+-----+--------+

Top non-repeatable levels by time:
     D:1: 1468 daAuts
     D:2: 246 daAuts
